 Dungeon Crawl Stone Soup version 0.31.0-11-ge490571c62 (webtiles) character file.

Game seed: 5605995101393359800

2959 Curundu the Cleaver (level 9, -9/74 (80) HPs)
             Began as a Minotaur Berserker on Jan 26, 2024.
             Was an Elder of Trog.
             Mangled by an orc warrior
             ... wielding a +1 halberd of electrocution
              (21 damage)
             ... in a bailey.
             The game lasted 00:19:33 (5202 turns).

Curundu the Cleaver (Minotaur Berserker)            Turns: 5202, Time: 00:19:34

HP:   -9/74 (80)    AC: 21    Str: 39    XL:     9   Next: 52%
MP:   17/17         EV: 11    Int:  4    God:    Trog [****..]
Gold: 310           SH:  0    Dex: 11    Spells: 8/8 levels left

rFire   . . .        a - +1 hand axe (elec)
rCold   + . .        (no shield)
rNeg    . . .        b - +8 chain mail "Leff" {Harm rC+ MP+9}
rPois   .            (helmet restricted)
rElec   .            q - +1 cloak of Fresh the Leaf {Dex+2}
rCorr   .            (no gloves)
SInv    .            (no boots)
Will    .....        (no amulet) Stlth
                     i - +6 ring of strength
HPRegen 0.32/turn    A - +6 ring of strength
MPRegen 0.15/turn

%: harm (+30% outgoing, +20% incoming)
@: drained
A: horns 2, retaliatory headbutt
a: Renounce Religion, Berserk, Trog's Hand, Brothers in Arms


You were in a bailey.
You worshipped Trog.
Trog was greatly pleased with you.
You visited 2 branches of the dungeon, and saw 8 of its levels.
You also visited: Bailey.

You collected 310 gold pieces.

Inventory:

Hand Weapons
 a - a +1 hand axe of electrocution (weapon)
 y - a +0 war axe
Missiles
 g - a throwing net (quivered)
 w - 5 javelins
Armour
 b - the +8 chain mail "Leff" (worn) {Harm rC+ MP+9}
   (You found it on level 2 of the Dungeon)

   rC+:       It protects you from cold.
   MP+9:      It affects your magic capacity (+9).
   Harm:      It increases damage dealt and taken.
 d - a +0 cloak
 e - a +0 plate armour
 q - the +1 cloak of Fresh the Leaf (worn) {Dex+2}
   (You found it on level 4 of the Dungeon)

   Dex+2:     It affects your dexterity (+2).
Jewellery
 i - a +6 ring of strength (left hand)
 A - a +6 ring of strength (right hand)
Wands
 c - a wand of paralysis (5)
 p - a wand of flame (10)
Scrolls
 l - 2 scrolls of enchant weapon
 o - 4 scrolls of identify
 s - 2 scrolls of blinking
 t - a scroll of poison
 v - 2 scrolls of teleportation
 x - 3 scrolls of vulnerability {unknown}
Potions
 f - a potion of ambrosia
 h - 3 potions of curing
 j - a potion of attraction {unknown}
 k - 2 potions of resistance
 m - a potion of brilliance {unknown}
 n - a potion of mutation {unknown}
 r - a potion of berserk rage {unknown}
 u - a potion of lignification {unknown}
 z - a potion of magic {unknown}
 B - a potion of cancellation {unknown}
 C - a potion of might {unknown}
 D - a potion of haste {unknown}


   Skills:
 + Level 7.7 Fighting
 + Level 10.8 Axes
 + Level 9.3 Armour
 + Level 4.6 Dodging
 + Level 0.4 Stealth


You had 8 spell levels left.
You didn't know any spells.
Your spell library was empty.

Dungeon Overview and Level Annotations

Branches:
Dungeon (7/15)             Temple (1/1) D:5          Bailey (1/1)

Altars:
Ashenzari
Cheibriados
Dithmenos
Elyvilon
Fedhas
Hepliaklqana
Kikubaaqudgha
Makhleb
Nemelex Xobeh
Okawaru
Qazlal
Ru
Sif Muna
Trog
Uskayaw
Vehumet
Wu Jian
Xom
Yredelemnul
Zin
The Shining One

Shops:
D:1 [   D:2 *


Innate Abilities, Weirdness & Mutations

You have a pair of horns on your head.
You reflexively headbutt those who attack you in melee.


Message History

There is an open door here.
You hit the gnoll.
The gnoll is heavily wounded.
The gnoll hits you but does no damage.
You feel drained. The gnoll hits you but does no damage.
You are electrocuted!!
The orc warrior hits you but does no damage.
You hit the gnoll.
The gnoll is severely wounded.
You barely miss the gnoll.
The gnoll is severely wounded.
The gnoll barely misses you.
The gnoll hits you with a +0 halberd of electrocution!
The orc warrior completely misses you.
You slash the gnoll! Lightning courses through the gnoll!
You kill the gnoll!
Trog accepts your kill. The gnoll hits you but does no damage.
You feel drained. The orc warrior misses you.
The gnoll hits you with a +1 halberd of draining!
You feel drained.
The orc warrior hits you but does no damage.
Things that are here:
a +0 halberd of electrocution; a lumpy dark potion; a gnoll corpse The gnoll hits you but does no damage.
You feel drained.
The orc warrior hits you but does no damage.
You see here a golden potion.
You barely miss the gnoll. You closely miss the orc warrior.
The gnoll hits you but does no damage.
You feel drained.
The orc warrior hits you but does no damage.
You are electrocuted!!
* * * LOW HITPOINT WARNING * * *
You hit the gnoll but do no damage. Lightning courses through the gnoll!!
You kill the gnoll!
Trog accepts your kill.
You hit the orc warrior but do no damage.
The orc warrior closely misses you.
You see here a +1 halberd of draining.
The orc warrior hits you but does no damage.
You are electrocuted!!
You die...

##### ##.))##
+##+##'###'##+##+
#!.!o@## ##.....#
#.!.!)# ###.....#
+!.⌠.!+ #)'..⌠..+
#.!.!.# ###.....#
#!.!.!# ##....)##
+##+##+###)##+##'##
#.#.## ##.# #####
### #'#
##)#)###)###)#


You could see an orc warrior.

Vanquished Creatures
  The ghost of Dazliare the Slasher, a novice DrBe of Trog (D:4)
  The ghost of Rem the Magician, an amateur DjFE (D:4)
  Sigmund (D:5)
  A wyvern (D:6)
  2 water moccasins (D:6)
  2 sky beasts
  2 centaurs (D:7)
  2 kobold brigands
  A bullfrog (D:6)
  4 scorpions
  6 killer bees (D:7)
  The ghost of middlethird the Conjurer, a weakling VSCj (D:4)
  The ghost of middlethird the Conjurer, a weakling VSCj (D:4)
  2 bombardier beetles (D:4)
  3 hounds
  3 iguanas
  5 jellies
  3 orc wizards
  Natasha (twice) (D:3)
  18 gnolls
  4 adders
  3 dart slugs
  16 orcs
  8 ball pythons
  A bat (D:1)
  7 endoplasms
  5 giant cockroaches
  4 goblins
  12 hobgoblins
  4 jackals (D:1)
  A quokka (D:1)
  4 frilled lizards
  14 kobolds
  3 rats
147 creatures vanquished.

Notes
Turn   | Place    | Note
-------+----------+-------------------------------------------
     0 | D:1      | Curundu the Minotaur Berserker began the quest for the Orb.
     0 | D:1      | Reached XP level 1. HP: 19/19 MP: 0/0
    50 | D:1      | Reached skill level 4 in Axes
    50 | D:1      | Reached XP level 2. HP: 21/27 MP: 1/1
   401 | D:1      | Found a faded altar of an unknown god.
   466 | D:1      | Reached ** piety under Trog
   484 | D:1      | Reached XP level 3. HP: 33/33 MP: 2/2
   624 | D:1      | Found Enwugaqe's Antique Armour Shop.
   657 | D:2      | Identified the +8 chain mail "Leff" {Harm rC+ MP+9}
   907 | D:2      | Found Plog's Assorted Antiques.
  1021 | D:2      | Upgraded the game from 0.31.0-10-gcf4a605ca0 to
                  | 0.31.0-11-ge490571c62
  1531 | D:3      | Noticed Natasha
  1541 | D:3      | Killed Natasha
  1542 | D:3      | Reached XP level 4. HP: 38/41 MP: 3/3
  1558 | D:3      | Noticed Natasha
  1561 | D:3      | Killed Natasha
  1638 | D:3      | Reached skill level 5 in Axes
  1656 | D:3      | Reached XP level 5. HP: 45/47 MP: 4/4
  2228 | D:4      | Found a glowing silver altar of Zin.
  2257 | D:4      | Found a radiant altar of Vehumet.
  2263 | D:4      | Reached XP level 6. HP: 55/55 MP: 5/5
  2286 | D:4      | Reached skill level 6 in Axes
  2290 | D:4      | Reached skill level 5 in Fighting
  2477 | D:4      | Identified the +1 cloak of Fresh the Leaf {Dex+2}
  2752 | D:4      | Found a runed translucent gate.
  2753 | D:4      | Found a runed translucent gate.
  2754 | D:4      | Found a runed translucent gate.
  2755 | D:4      | Noticed middlethird's ghost (weakling VSCj)
  2755 | D:4      | Noticed middlethird's ghost (weakling VSCj)
  2756 | D:4      | Noticed Dazliare's ghost (novice DrBe)
  2758 | D:4      | Noticed Rem's ghost (amateur DjFE)
  2764 | D:4      | Reached *** piety under Trog
  2863 | D:4      | Killed Rem's ghost
  2864 | D:4      | Reached skill level 7 in Axes
  2864 | D:4      | Reached XP level 7. HP: 59/62 MP: 6/6
  2864 | D:4      | Killed middlethird's ghost
  2885 | D:4      | Killed Dazliare's ghost
  2886 | D:4      | Reached skill level 8 in Axes
  2886 | D:4      | Reached skill level 5 in Armour
  2886 | D:4      | Reached XP level 8. HP: 66/70 MP: 7/7
  2888 | D:4      | Killed middlethird's ghost
  3040 | D:5      | Entered Level 5 of the Dungeon
  3062 | D:5      | Noticed Sigmund
  3072 | D:5      | Killed Sigmund
  3073 | D:5      | Reached skill level 9 in Axes
  3224 | D:5      | Identified the +3 trident "Damod" {freeze, rElec Dex+2}
  3639 | D:5      | Found a staircase to the Ecumenical Temple.
  3812 | D:5      | Found a sparkling altar of Nemelex Xobeh.
  4162 | Temple   | Entered the Ecumenical Temple
  4292 | D:6      | Found a sacrificial altar of Ru.
  4332 | D:6      | Reached XP level 9. HP: 72/79 MP: 8/8
  4363 | D:6      | Found an iron altar of Okawaru.
  4382 | D:6      | Reached skill level 10 in Axes
  5006 | D:7      | Found a flagged portal.
  5025 | Bailey   | Entered a bailey
  5117 | Bailey   | Reached **** piety under Trog
  5202 | Bailey   | Mangled by an orc warrior

Illustrated notes

Levels and vault maps discovered:
D:1:      ncdulo_smallfort, layout_rooms, ebering_ecumenical_altar_petrified,
          serial_shops, nicolae_shop_back_alley_shop, serial_bayou,
          serial_bayou_crossing, serial_bayou_pond_a, serial_bayou_pond_e,
          serial_bayou_pond_b
D:2:      layout_loops_cross, serial_shops, shop
D:3:      minmay_diamond_boxcup, layout_rooms, uniq_natasha
D:4:      layout_basic, mainiacjoe_overflow_catwalk_spiral,
          gammafunk_ghost_cemetery, gup_sewer_entry_bowl, solitary_fountain,
          amethyst_killhole, dreamdust_gnoll_farm
D:5:      layout_basic, nemelex_spade_bored_becter, minmay_temple_entry_glass,
          uniq_sigmund
D:6:      layout_rooms, grunt_temple_overflow_open
D:7:      layout_rooms, enter_bailey_2
Temple:   nicolae_temple_bog_church
Bailey:   bailey_polearm_nasty_gnolls, bailey

Skill      XL: |  1  2  3  4  5  6  7  8  9 |
---------------+----------------------------+-----
Axes           | 4 5 7 8 9 10 | 10.8
Fighting       | 4 5 6 7 |  7.7
Armour         | 3 4 5 8 9 |  9.3
Dodging        | 3 4 |  4.6
Stealth        | |  0.4

Action                     |  1- 3 |  4- 6 |  7- 9 || total
---------------------------+-------+-------+-------++-------
  Melee: Hand axe          |    89 |   104 |   156 ||   349
         Headbutt          |    13 |     9 |    26 ||    48
 Invoke: Trog's Hand       |       |     2 |     2 ||     4
         Berserk           |       |       |     1 ||     1
    Use: Scroll            |     5 |       |     9 ||    14
 Armour: Animal skin       |    25 |       |       ||    25
         Plate armour      |     6 |       |       ||     6
         Chain mail        |    24 |    78 |   111 ||   213
  Dodge: Dodged            |    56 |    31 |    84 ||   171
